 Dungeon Crawl Stone Soup version 0.32-a0-732-ga344392067 (webtiles) character file.

Game seed: 13463441980422615557

255 shadizar the Magician (level 6, -1/40 HPs)
             Began as a Djinni Earth Elementalist on Mar 16, 2024.
             Slain by a wight
             ... wielding a +0 falchion
              (6 damage)
             ... on level 5 of the Dungeon.
             The game lasted 00:05:15 (2600 turns).

shadizar the Magician (Djinni Earth Elementalist)   Turns: 2600, Time: 00:05:16

Health: -1/40      AC:  4    Str:  7    XL:     6   Next: 38%
Gold:   290        EV: 11    Int: 19    God:
                   SH:  4    Dex: 13

rFire   + + .        (no weapon)
rCold   x . .        u - +0 buckler
rNeg    . . .        a - +0 robe
rPois   ∞            v - +0 helmet
rElec   .            (no cloak)
rCorr   .            q - +0 pair of gloves
SInv    .            (boots unavailable)
Will    .....        f - amulet of regeneration
Stlth   ++           (no ring)
HPRegen 1.06/turn    (no ring)
MPRegen 0.00/turn

%: infuse magic (-2 HP)
@: flying
A: sickness immunity, fire resistance 2, cold vulnerability 1, float, innate
caster, HP casting, extra vitality 1
a: no special abilities


You were on level 5 of the Dungeon.
You visited 1 branch of the dungeon, and saw 5 of its levels.

You collected 290 gold pieces.

Inventory:

Hand Weapons
 p - the +1 whip of Bieghak {drain, *Rage rC+ Str+5}
   (You found it on level 3 of the Dungeon)

   Str+5:     It affects your strength (+5).
   rC+:       It protects you from cold.
   *Rage:     It berserks you when you make melee attacks (+20% chance).
Armour
 a - a +0 robe (worn)
 q - a +0 pair of gloves (worn)
 u - a +0 buckler (worn)
 v - a +0 helmet (worn)
Jewellery
 f - an amulet of regeneration (around neck)
 s - a ring of fire
Wands
 w - a wand of digging (6)
Scrolls
 b - a scroll of torment {unknown}
 c - 2 scrolls of vulnerability {unknown}
 d - 2 scrolls of identify {unknown}
 g - 2 scrolls of teleportation {unknown}
 i - a scroll of immolation {unknown}
 j - a scroll of revelation {unknown}
 m - a scroll of fear {unknown}
Potions
 e - a potion of enlightenment {unknown}
 h - 2 potions of mutation {unknown}
 k - a potion of berserk rage {unknown}
 l - a potion of resistance {unknown}
 n - a potion of haste {unknown}
 o - 2 potions of curing {unknown}
 r - a potion of heal wounds {unknown}
 t - a potion of magic {unknown}
 x - 2 potions of invisibility {unknown}


   Skills:
 - Level 3.6 Dodging
 - Level 2.8 Stealth
 + Level 2.2 Shields
 + Level 4.2 Spellcasting
 + Level 4.2 Conjurations
 + Level 4.2 Hexes
 + Level 4.2 Summonings
 + Level 4.2 Necromancy
 + Level 4.2 Translocations
 + Level 4.2 Fire Magic
 + Level 4.2 Ice Magic
 + Level 4.2 Air Magic
 + Level 4.2 Earth Magic
 + Level 4.2 Alchemy


You knew the following spells:

 Your Spells              Type           Power      Damage    Failure   Level
a - Sandblast             Erth           40%        2d10      3%          1
b - Passwall              Erth           20%        N/A       12%         3
c - Stone Arrow           Conj/Erth      40%        3d9       12%         3
d - Petrify               Alch/Erth      20%        N/A       36%         4
e - Brom's Barrelling Bo  Conj/Erth      20%        2d4       36%         4
f - Summon Small Mammal   Summ           80%        N/A       3%          1
g - Call Imp              Summ           40%        N/A       6%          2
Your spell library was empty.

Dungeon Overview and Level Annotations

Branches:
Dungeon (5/15)
 Temple: D:4-7

Altars:
Dithmenos
Hepliaklqana
Yredelemnul
Zin
The Shining One


Innate Abilities, Weirdness & Mutations

You are immune to sickness and miasma.
You are immune to poison.
Your flesh is very heat resistant. (rF++)
You are vulnerable to cold. (rC-)
You float through the air rather than walking.
You learn spells naturally, not from books.
Your magical power is your life essence.
You have superior vitality. (+4 MHP)


Message History

You now have 290 gold pieces (gained 9).
There is a stone staircase leading down here.
A black bear comes into view.
Casting: Sandblast (safe; 3% risk of failure)
Confirm with . or Enter, or press ? or * to list all spells.
Okay, then.
The black bear growls angrily.
You can't see any susceptible monsters within range! (Use Z to cast anyway.)
The blast of sand hits the black bear but does no damage.
The blast of sand hits the black bear but does no damage.
A wight comes into view. It is wielding a +0 falchion.
The black bear completely misses you.
The black bear claws you but does no damage.
The black bear barely misses you.
The blast of sand hits the black bear!
The black bear is heavily wounded.
The black bear bites you. The black bear claws you. x2
The blast of sand hits the black bear!
The black bear is severely wounded.
The black bear bites you! The black bear closely misses you. x2
The black bear goes berserk!
The blast of sand hits the black bear!
The black bear is almost dead.
The black bear bites you.
The black bear claws you but does no damage.
You block the black bear's attack. The black bear bites you.
* * * LOW HITPOINT WARNING * * *
The black bear claws you.
* * * LOW HITPOINT WARNING * * *
The black bear closely misses you.
Casting: Sandblast (safe; 3% risk of failure)
Confirm with . or Enter, or press ? or * to list all spells.
Aiming: Sandblast (safe; 3% risk of failure)
Press: ? - help, Shift-Dir - straight line, f/p - black bear
Aim: a black bear (almost dead, berserk, 87% to hit)
The blast of sand hits the black bear!
You kill the black bear!
* * * LOW HITPOINT WARNING * * *
The wight hits you with a +0 falchion.
You die...

..#..........#
.#....##.###..#
#.##.......##..#
....#......>.#
###.....<###.#
##.##.####.#
#.#.......#
#....####.#
##...# #@# ....
#z# ##.#. #.#
#.# #.# #.# ..#
###


You could see a wight.

Vanquished Creatures
  A black bear (D:5)
  A scorpion (D:4)
  A crimson imp (D:3)
  2 orc wizards
  4 adders
  3 dart slugs
  6 orcs
  6 ball pythons
  3 endoplasms
  3 giant cockroaches
  6 hobgoblins
  4 jackals (D:1)
  6 bats
  3 frilled lizards
  3 goblins
  2 goblin skeletons (D:3)
  2 goblin zombies (D:3)
  3 hobgoblin zombies (D:3)
  2 kobolds (D:2)
  A kobold skeleton (D:3)
  2 kobold zombies (D:3)
  An orc skeleton (D:3)
  5 rats
  A spectral orc (D:3)
71 creatures vanquished.

Notes
Turn   | Place    | Note
-------+----------+-------------------------------------------
     0 | D:1      | shadizar the Djinni Earth Elementalist began the quest for
                  | the Orb.
     0 | D:1      | shadizar set off with the following spells memorised:
                  | Sandblast, Passwall, Stone Arrow, Petrify, Brom's
                  | Barrelling Boulder.
     0 | D:1      | Reached XP level 1. HP: 15/15 MP: 0/0
    87 | D:1      | Reached XP level 2. HP: 18/21 MP: 0/0
   255 | D:1      | Reached XP level 3. HP: 10/25 MP: 0/0
   255 | D:1      | Learned a level 1 spell: Summon Small Mammal
   521 | D:1      | Found a faded altar of an unknown god.
   940 | D:2      | Reached XP level 4. HP: 25/31 MP: 0/0
  1414 | D:3      | Found a basalt altar of Yredelemnul.
  1420 | D:3      | Identified the +1 whip of Bieghak {drain, *Rage rC+ Str+5}
  1462 | D:3      | Found a hazy altar of Hepliaklqana.
  1515 | D:3      | Found a glowing golden altar of the Shining One.
  1537 | D:3      | Reached XP level 5. HP: 30/35 MP: 0/0
  1537 | D:3      | Learned a level 2 spell: Call Imp
  2052 | D:4      | Found a shadowy altar of Dithmenos.
  2085 | D:4      | Reached skill level 1 in Shields
  2272 | D:4      | Found a glowing silver altar of Zin.
  2492 | D:5      | Entered Level 5 of the Dungeon
  2494 | D:5      | Reached XP level 6. HP: 40/40 MP: 0/0
  2592 | D:5      | Noticed a black bear
  2600 | D:5      | Killed a black bear
  2600 | D:5      | Slain by a wight

Illustrated notes

Levels and vault maps discovered:
D:1:      lightli_arrival_windingriver, layout_rooms,
          chequers_ecumenical_altar_simple, moated_statue, minmay_fountain_box,
          minivault_23
D:2:      layout_basic
D:3:      layout_rooms, nicolae_hepliaklqana_monster_ancestors,
          nicolae_tso_besieged_by_evil, lemuel_tele_altar,
          nicolae_underground_beach
D:4:      layout_gridville, mainiacjoe_overflow_alcove_2, zin_statuary
D:5:      layout_loops_ring, serial_shops, shop_fountains, uniq_edmund,
          uniq_pikel, uniq_duvessa

Skill      XL: |  1  2  3  4  5  6 |
---------------+-------------------+-----
Stealth        | 2 |  2.8
Dodging        | 3 |  3.6
Shields        | 1 2 |  2.2
Spellcasting   | 4 |  4.2
Conjurations   | 4 |  4.2
Hexes          | 4 |  4.2
Summonings     | 4 |  4.2
Necromancy     | 4 |  4.2
Translocations | 4 |  4.2
Fire Magic     | 4 |  4.2
Ice Magic      | 4 |  4.2
Air Magic      | 4 |  4.2
Earth Magic    | 4 |  4.2
Alchemy        | 4 |  4.2

Action                     |  1- 3 |  4- 6 || total
---------------------------+-------+-------++-------
  Melee: Unarmed           |     1 |       ||     1
   Cast: Sandblast         |    46 |    71 ||   117
 Armour: Robe              |    18 |    35 ||    53
  Dodge: Dodged            |    16 |    26 ||    42
  Block: Buckler           |       |     2 ||     2

Table legend: (Time is in decaauts)
 A = Elapsed time spent in this place.
 B = Non-inter-level travel time spent in this place.
 C = Inter-level travel time spent in this place.
 D = Time resting spent in this place.
 E = Time spent auto-exploring this place.
 F = Levels seen in this place.
 G = Mean time per level.
                   A        B        C        D        E       F      G
               +--------+--------+--------+--------+--------+-----+--------+
         Total |   2658 |   2571 |     87 |      0 |   2131 |   5 |  531.6 |
       Dungeon |   2658 |   2571 |     87 |      0 |   2131 |   5 |  531.6 |
               +--------+--------+--------+--------+--------+-----+--------+

Top non-repeatable levels by time:
     D:4: 699 daAuts
     D:1: 698 daAuts
     D:2: 666 daAuts
     D:3: 541 daAuts
     D:5: 52 daAuts
